[Event "*** SCC Grand Prix: Titled Tuesday Blitz"]
[Site "Chess.com"]
[Date "2020.06.02"]
[Round "7"]
[White "Yoshikrov"]
[Black "korkmaz16"]
[Result "0-1"]
[WhiteElo "2041"]
[BlackElo "2254"]
[TimeControl "180+1"]
[EndTime "11:20:22 PDT"]
[Termination "korkmaz16 won on time"]

1. e4 e6 2. d4 d5 3. Nd2 Nf6 4. e5 Nfd7 5. c3 c5 6. Bd3 Nc6 7. Ne2 cxd4 8. cxd4 f6 9. exf6 Nxf6 10. O-O Bd6 11.
Nf3 O-O 12. Bg5 Qc7 13. Qc2 h6 14. Bh4 Ng4 15. Bg3 Bd7 16. Rac1 Rac8 17. Qd2 Bxg3 18. hxg3 Qd6 19. Bb1 Rf6 20. Qd3 g6 21. Nf4 Be8 22. Rfe1 Kg7 23. a3 Rc7 24. Nh4 Rxf4 25. gxf4 Qxf4 26. Nxg6 Qh2+ 27. Kf1 Qh1+ 28. Ke2 Qxg2 29.
Rf1 Nh2 30. Nf4 Qg4+ 31. Ke1 Nf3+ 32. Kd1 Nfxd4+ 33. f3 Qxf4 34. Rg1+ Kf8 35. Qh7 Rxh7 0-1

[Event "*** SCC Grand Prix: Titled Tuesday Blitz"]
[Site "Chess.com"]
[Date "2020.06.02"]
[Round "7"]
[White "ElGasanov"]
[Black "Jeffinho023"]
[Result "1-0"]
[WhiteElo "2745"]
[BlackElo "2572"]
[TimeControl "180+1"]
[EndTime "11:20:23 PDT"]
[Termination "ElGasanov won by resignation"]

1. d4 Nf6 2. c4 g6 3. Nc3 c5 4. d5 Bg7 5. e4 d6 6. Bd3 O-O 7. Nf3 e6 8. h3 exd5 9. cxd5 a6 10. a4 Nbd7 11. O-O Qe7 12. Re1 Nh5 13. Rb1 Ne5 14.
Be2 Nxf3+ 15. Bxf3 Qh4 16. Bxh5 gxh5 17. Qf3 f5 18. Qf4 Qe7 19. Qg5 Qxg5 20. Bxg5 Re8 21. Bf4 Bf8 22. e5 dxe5 23. Bxe5 Bd7 24. a5 Kf7 25. d6 Bc6 26. Rbd1 Rad8 27. f4 Bxd6 28. Bxd6 Rxe1+ 29. Rxe1 Rxd6 30. Re5 Rd2 31. Rxf5+ Kg6 32.
Rg5+ Kf6 33. Rxc5 Rxg2+ 34. Kf1 Rxb2 35. Rxh5 h6 36. Rxh6+ Kf5 37. Ke1 Rc2 38. Ne2 Ke4 39.
Re6+ Kd5 40. f5 Ra2 41. Nf4+ Kd4 42. f6 Ra1+ 43. Kf2 Ra2+ 44. Ne2+ Kd5 45. f7 Kxe6 46. f8=Q Kd7 1-0

[Event "*** SCC Grand Prix: Titled Tuesday Blitz"]
[Site "Chess.com"]
[Date "2020.06.02"]
[Round "7"]
[White "AleksanderHnydiuk"]
[Black "Kirill_Klukin"]
[Result "0-1"]
[WhiteElo "2561"]
[BlackElo "2728"]
[TimeControl "180+1"]
[EndTime "11:20:23 PDT"]
[Termination "Kirill_Klukin won on time"]

1. d4 Nf6 2. c4 Nc6 3. Nf3 e6 4. g3 Bb4+ 5. Bd2 Qe7 6. Nc3 O-O 7. Bg2 Bxc3 8. Bxc3 Ne4 9. Qc2 Nxc3 10. Qxc3 a5 11. O-O d6 12. Rfd1 e5 13. d5 Nb8 14. c5 Bg4 15. Rac1 Nd7 16. cxd6 cxd6 17. Qe3 Bxf3 18. Bxf3 Nc5 19. Rxc5 dxc5 20. d6 Qf6 21. Qxc5 e4 22.
Bxe4 Qxb2 23. d7 Qxe2 24. Rd4 Qxa2 25. Qb6 Rad8 26. Bxb7 Qe6 27. Qxe6 fxe6 28. Bc6 Rf5 29. Ba4 Kf8 30. f4 Ke7 31. Rc4 Rd5 32. Kg2 h6 33. h4 g5 34. hxg5 hxg5 35. Kf3 gxf4 36. gxf4 Rd3+ 37.
Ke4 Ra3 38. Kd4 Kd6 39. Ke4 Ra2 40. Kd4 Rb2 41. Ke4 Rb4 42. Rxb4 axb4 43. Kd4 Rb8 0-1

[Event "*** SCC Grand Prix: Titled Tuesday Blitz"]
[Site "Chess.com"]
[Date "2020.06.02"]
[Round "7"]
[White "czasnaszachy"]
[Black "mr65"]
[Result "0-1"]
[WhiteElo "2333"]
[BlackElo "2163"]
[TimeControl "180+1"]
[EndTime "11:20:23 PDT"]
[Termination "mr65 won on time"]

1. d4 Nf6 2. c4 g6 3. Nc3 Bg7 4.
e4 d6 5. f3 O-O 6. Bg5 c5 7.
d5 a6 8. Qd2 b5 9. cxb5 axb5 10. Bxb5 Ba6 11. a4 Bxb5 12. Nxb5 Qd7 13. Ne2 Re8 14.
Nec3 Na6 15. O-O Nc7 16. Nxc7 Qxc7 17. Ra2 c4 18. Nb5 Qb7 19. Rc1 Rec8 20. Nd4 Qb6 21. Be3 Qb7 22. Nc6 Kf8 23. Rxc4 Nd7 24. a5 Ne5 25.
Nxe5 Bxe5 26. Rxc8+ Rxc8 27. a6 Qb3 28. Ra3 Qxb2 29. Qxb2 Bxb2 30. Rb3 Bc1 31. a7 Bxe3+ 32. Rxe3 Ra8 33. Ra3 Ke8 34. Kf2 Kd7 35. Ke3 Kc7 36. Kf4 f6 37. h4 Kb7 38. Rb3+ Kc7 39. Ra3 Kb7 40. g4 Rxa7 41. Rxa7+ Kxa7 42. h5 Kb6 43. hxg6 hxg6 0-1

[Event "*** SCC Grand Prix: Titled Tuesday Blitz"]
[Site "Chess.com"]
[Date "2020.06.02"]
[Round "7"]
[White "MITerryble"]
[Black "ajian"]
[Result "1-0"]
[WhiteElo "2823"]
[BlackElo "2450"]
[TimeControl "180+1"]
[EndTime "11:20:24 PDT"]
[Termination "MITerryble won by resignation"]

1. d4 Nf6 2. Nf3 e6 3. c4 d5 4. e3 dxc4 5. Bxc4 c5 6. O-O a6 7. Qe2 b5 8. Bd3 Bb7 9. dxc5 Bxc5 10. Bxb5+ Nbd7 11. Bd3 O-O 12. Nbd2 Qe7 13. Ng5 Ne5 14. Bc2 a5 15. Ba4 Nd5 16. Nge4 Bb6 17. Bb5 f5 18. Nc3 f4 19. Nxd5 Bxd5 20. exf4 Ng6 21. Nc4 Bc5 22.
g3 Rab8 23. a4 Qf6 24. Be3 Bb4 25. Rad1 Ne7 26. Bd4 Qg6 27. Ne5 Qh6 28. Bc4 Ba8 29. Nd7 Nf5 30. Qxe6+ Qxe6 31. Bxe6+ Kh8 32. Bxf5 Rbd8 33.
Nxf8 Rxf8 34. Bh3 Bf3 35. Bg2 Bg4 36. Bc3 Bxd1 37. Rxd1 h6 38. Bxb4 axb4 39. Rd4 1-0

[Event "*** SCC Grand Prix: Titled Tuesday Blitz"]
[Site "Chess.com"]
[Date "2020.06.02"]
[Round "7"]
[White "RestartingChess"]
[Black "manmanlai1"]
[Result "1-0"]
[WhiteElo "2496"]
[BlackElo "2366"]
[TimeControl "180+1"]
[EndTime "11:20:26 PDT"]
[Termination "RestartingChess won by resignation"]

1. e4 c5 2. Nf3 e6 3. b3 d5 4. exd5 exd5 5. Bb2 Nc6 6. Bb5 Nf6 7. O-O Be7 8. d4 O-O 9. dxc5 a6 10. Bd3 Bxc5 11.
Nc3 Bg4 12. h3 Bh5 13. g4 Bg6 14. Bxg6 fxg6 15. a3 Kh8 16. b4 Ba7 17. Kg2 Qd7 18.
Ne2 Rf7 19. Ng5 Rff8 20. Ng3 Rae8 21. Qd2 h6 22. Nf3 Ne4 23. Nxe4 Rxe4 24. Qxh6+ Kg8 25.
Qxg6 Ref4 26. Ng5 Rxg4+ 27. Kh1 Rxg5 28. Qxg5 Qxh3+ 29. Kg1 d4 30. Rae1 Bb8 31. Qg2 Qh5 32.
Re4 Rf6 33. Rg4 g6 34. Bxd4 Bh2+ 35. Kh1 Bg3+ 36. Kg1 Bh2+ 37. Qxh2 Qxg4+ 38. Qg3 Nxd4 39. Qxg4 1-0

[Event "*** SCC Grand Prix: Titled Tuesday Blitz"]
[Site "Chess.com"]
[Date "2020.06.02"]
[Round "7"]
[White "grunbergmihai"]
[Black "MightyGMpretender"]
[Result "1-0"]
[WhiteElo "2407"]
[BlackElo "2573"]
[TimeControl "180+1"]
[EndTime "11:20:27 PDT"]
[Termination "grunbergmihai won on time"]

1. Nf3 d5 2. c4 d4 3. g3 Nc6 4. Bg2 e5 5. d3 Nf6 6. O-O Be7 7. e3 O-O 8. Na3 Re8 9. Nc2 a5 10. Re1 Bg4 11. a3 Qd7 12. exd4 exd4 13. Bf4 a4 14. Qd2 Bc5 15. Ne5 Nxe5 16. Rxe5 Bd6 17. Rxe8+ Rxe8 18. Nxd4 Bc5 19. Nf3 Rd8 20. Rd1 c6 21. h3 Bxh3 22.
Ne5 Qc8 23. Bxh3 Qxh3 24. Qa5 b6 25. Qxa4 Bd4 26. Nxc6 Ng4 27. Rd2 Qh2+ 28. Kf1 Qh1+ 29. Ke2 Re8+ 30. Ne5 Kf8 31. Rd1 Qh5 32. Kd2 Nxe5 33.
Kc2 Ng6 34. Bd6+ Ne7 35. Re1 f6 36. Qd7 Bc5 37. Rxe7 Bxd6 38. Rxe8+ Qxe8 39. Qxd6+ Kg8 40. Qd5+ Kf8 41. Kd2 Qb8 42. b4 h5 43. Qxh5 1-0

[Event "*** SCC Grand Prix: Titled Tuesday Blitz"]
[Site "Chess.com"]
[Date "2020.06.02"]
[Round "7"]
[White "Elbek_Jumanov"]
[Black "JuliaEfremova"]
[Result "0-1"]
[WhiteElo "2412"]
[BlackElo "2250"]
[TimeControl "180+1"]
[EndTime "11:20:27 PDT"]
[Termination "JuliaEfremova won by resignation"]

1. c4 c5 2. Nf3 b6 3. g3 Bb7 4.
Bg2 Nf6 5. O-O e6 6. Nc3 Be7 7. d4 cxd4 8. Qxd4 O-O 9. Rd1 a6 10. b3 d6 11. Ba3 d5 12. Bxe7 Qxe7 13. cxd5 Nxd5 14. Nxd5 Bxd5 15. Qxb6 Nd7 16. Qd4 Rab8 17. Rac1 Nf6 18. Qa4 Qb7 19. Rc5 Ne4 20. Rc2 Nf6 21.
Rdc1 h6 22. Rc7 Qb6 23. Qd4 Qa5 24. Qb2 Qb4 25. Ne5 Bxg2 26. Kxg2 Rb5 27. f3 Qd6 28.
Nd3 Nd5 29. Rc8 Rxc8 30. Rxc8+ Kh7 31. Qc1 Qb6 32. Rc5 Qa5 33. a4 Rxc5 34. Qxc5 Qd2 35. Kf2 Qa2 36. Qc4 Qd2 37. b4 Nc3 38. Nf4 Nd1+ 39.
Kg1 Qe1+ 40. Kg2 Ne3+ 41. Kh3 Qf1+ 42. Kh4 Nxc4 0-1

[Event "*** SCC Grand Prix: Titled Tuesday Blitz"]
[Site "Chess.com"]
[Date "2020.06.02"]
[Round "7"]
[White "Shushik"]
[Black "sopo-tereladze"]
[Result "1/2-1/2"]
[WhiteElo "2161"]
[BlackElo "2330"]
[TimeControl "180+1"]
[EndTime "11:20:27 PDT"]
[Termination "Game drawn by repetition"]

1. e4 e5 2. Nf3 Nc6 3. Bc4 Nf6 4. d3 Be7 5. O-O d6 6. Re1 O-O 7. Nc3 Bg4 8. Be3 Na5 9. a4 Nxc4 10. dxc4 Qd7 11.
Bg5 h6 12. Bxf6 Bxf6 13. Qd3 b6 14. Rad1 Rad8 15. Nd5 Be7 16. b3 f5 17. exf5 Bxf5 18.
Qc3 Bg4 19. Rd3 c6 20. Nb4 Bf6 21. Qd2 a5 22. Na2 Qe7 23. Nc3 Rf7 24. Ne4 Qe6 25.
Nxd6 Rfd7 26. Ne4 Bxf3 27. gxf3 Qh3 28. Ng3 Rd4 29. Rxd4 Rxd4 30. Qe3 Rh4 31. Nf1 Bg5 32. Qxe5 Bf4 33. Qe8+ Kh7 34. Qe4+ Kh8 35. Qe8+ Kh7 36. Qe4+ Kg8 37. Qe8+ Kh7 1/2-1/2

[Event "*** SCC Grand Prix: Titled Tuesday Blitz"]
[Site "Chess.com"]
[Date "2020.06.02"]
[Round "7"]
[White "Ali-Farahat"]
[Black "grzechu96"]
[Result "0-1"]
[WhiteElo "2382"]
[BlackElo "2635"]
[TimeControl "180+1"]
[EndTime "11:20:28 PDT"]
[Termination "grzechu96 won on time"]

1. e4 c5 2. Nf3 d6 3. c3 Nf6 4. Bd3 g6 5. Bc2 Bg7 6. d4 O-O 7. O-O Nc6 8. d5 Nb8 9. c4 Bg4 10. Nc3 Nbd7 11. h3 Bxf3 12. Qxf3 e6 13. Qe2 exd5 14.
cxd5 Re8 15. a4 a6 16. a5 Qc7 17. Bf4 c4 18. Rfe1 Nh5 19. Be3 Rac8 20. Ba4 Re7 21. Bg5 Bf6 22. Bh6 Bg7 23. Bg5 Nhf6 24. Qf3 Ne5 25. Qg3 Nd3 26. Re2 h6 27. Be3 Nxe4 28.
Nxe4 Rxe4 29. Bb6 Qe7 30. Rxe4 Qxe4 31. Rd1 Nxb2 32. Bd7 Nxd1 33. Bxc8 c3 34. Qxd6 c2 35. Qd8+ Kh7 36. Qc7 Qe1+ 37. Kh2 Be5+ 38. Qxe5 Qxe5+ 39. g3 c1=Q 0-1

[Event "*** SCC Grand Prix: Titled Tuesday Blitz"]
[Site "Chess.com"]
[Date "2020.06.02"]
[Round "7"]
[White "frankshar"]
[Black "lelajavakhishvili"]
[Result "1-0"]
[WhiteElo "2381"]
[BlackElo "2480"]
[TimeControl "180+1"]
[EndTime "11:20:28 PDT"]
[Termination "frankshar won by resignation"]

1. e4 d6 2. d4 Nf6 3. Nc3 g6 4. f4 Bg7 5. Nf3 Nc6 6. d5 Nb8 7. Be2 O-O 8. O-O c6 9. dxc6 Nxc6 10. Kh1 a6 11. Be3 b5 12. Nd4 Bb7 13. Bf3 Nxd4 14.
Bxd4 Rc8 15. Qe2 Qc7 16. e5 Bxf3 17. Qxf3 Nh5 18. g4 dxe5 19. fxe5 Rcd8 20. Bg1 b4 21. Ne4 Bxe5 22. gxh5 Bxb2 23. Rae1 Qxc2 24. Ng5 Bf6 25. Ne4 Bg7 26. Ng5 Rd3 27. Qe4 a5 28. hxg6 hxg6 29. Qh4 Qc6+ 30. Re4 Rc8 31. Qh7+ Kf8 32. Rxf7+ Ke8 33.
Rxe7+ Kd8 34. Qg8+ 1-0

[Event "*** SCC Grand Prix: Titled Tuesday Blitz"]
[Site "Chess.com"]
[Date "2020.06.02"]
[Round "7"]
[White "Loiacono_Antonio"]
[Black "HElissalt"]
[Result "1-0"]
[WhiteElo "2413"]
[BlackElo "2229"]
[TimeControl "180+1"]
[EndTime "11:20:28 PDT"]
[Termination "Loiacono_Antonio won by resignation"]

1. e4 d6 2. d4 Nf6 3. Nc3 e5 4. dxe5 dxe5 5. Qxd8+ Kxd8 6. Bc4 Be6 7. Bxe6 fxe6 8. f3 Bd6 9. Nh3 Ke7 10. Nf2 a6 11. Nd3 Nbd7 12. b3 c5 13. Nd1 b5 14. Ne3 Nb8 15.
a4 Nc6 16. Bb2 Nd4 17. Kf2 Rhf8 18. Ke1 g5 19. h3 h5 20. Kd2 Rfc8 21. axb5 axb5 22.
Rxa8 Rxa8 23. Ra1 Rxa1 24. Bxa1 Nc6 25. c3 Nd7 26. g4 h4 27. Bb2 Nb6 28. Ba3 c4 29.
Bxd6+ Kxd6 30. bxc4 Nxc4+ 31. Nxc4+ bxc4 32. Nb4 Na5 33. Nc2 Nb3+ 34. Ke2 Nc1+ 35. Ke3 Nd3 36. Nb4 Nb2 37. Kd2 Na4 38. Na6 Nb2 39. Nb4 Na4 40. Nc2 Nc5 41. Ne1 Nb3+ 42. Ke3 Kc5 43. Ke2 Nc1+ 44. Kd2 Nb3+ 45. Kc2 Na5 46. f4 exf4 47. Nf3 Nb3 48. Nxg5 Kd6 49. Nf3 e5 50. Nxh4 Nc5 51. Nf3 Nxe4 52. h4 Ke6 53. h5 Nf6 54. h6 Nh7 55. g5 Kf5 56. Nxe5 Kxe5 57. g6 f3 58. gxh7 1-0

[Event "*** SCC Grand Prix: Titled Tuesday Blitz"]
[Site "Chess.com"]
[Date "2020.06.02"]
[Round "7"]
[White "gahryman"]
[Black "Twiceblessed"]
[Result "1-0"]
[WhiteElo "2690"]
[BlackElo "2521"]
[TimeControl "180+1"]
[EndTime "11:20:29 PDT"]
[Termination "gahryman won by resignation"]

1. e4 e5 2. Nf3 Nc6 3. Bc4 Bc5 4. d3 Nf6 5. O-O O-O 6. c3 d5 7. exd5 Nxd5 8. h3 Nb6 9. Bb5 Bd6 10. Re1 Re8 11.
d4 exd4 12. Rxe8+ Qxe8 13. cxd4 a6 14. Bf1 Bf5 15. Nc3 Nb4 16. a3 N4d5 17. Bd3 Bxd3 18. Qxd3 h6 19. Bd2 Nxc3 20. bxc3 Qb5 21. Qe4 Qd5 22. Qg4 h5 23. Qh4 Re8 24. Bf4 Re4 25.
Qd8+ Bf8 26. Qxc7 Nc4 27. Qb8 Re2 28. a4 Nb2 29. Rb1 Qe4 30. Rf1 Qd5 31. a5 Nc4 32.
Bc7 Qc6 33. Ne5 Nxe5 34. dxe5 Qxc3 35. Bd6 Re1 36. Qxf8+ Kh7 37. Rxe1 Qxe1+ 38. Kh2 Qxf2 39. e6 f5 40. e7 f4 41. Qxf4 1-0

[Event "*** SCC Grand Prix: Titled Tuesday Blitz"]
[Site "Chess.com"]
[Date "2020.06.02"]
[Round "7"]
[White "mirochka"]
[Black "damayito"]
[Result "1-0"]
[WhiteElo "2174"]
[BlackElo "1653"]
[TimeControl "180+1"]
[EndTime "11:20:29 PDT"]
[Termination "mirochka won by resignation"]

1. e4 e6 2. Nf3 d5 3. e5 c5 4. b4 Nc6 5. b5 Nce7 6. a4 Ng6 7. h4 Qc7 8. Bb2 d4 9. c3 Nxe5 10. cxd4 Nxf3+ 11. Qxf3 Nf6 12. dxc5 Bxc5 13. Bxf6 gxf6 14. Qxf6 Rf8 15. Nc3 Bd7 16. g3 Be7 17. Qf3 O-O-O 18. Bg2 f5 19. O-O f4 20. Rfc1 Kb8 21.
Nd5 fxg3 22. Qe4 gxf2+ 23. Kf1 Qh2 24. Nxe7 Qg1+ 25. Ke2 f1=Q+ 26. Rxf1 Qb6 27. Rxf8 Rxf8 28. Rf1 Re8 29. Qe5+ Ka8 30. Rf7 a6 31. bxa6 Qxa6+ 32. d3 Qxa4 33. Qe4 Qc2+ 34. Ke3 Bc6 35. Nxc6 bxc6 36. Qxc6+ Qxc6 37. Bxc6+ Kb8 38. Bxe8 Kc8 39. Bd7+ Kd8 40. Bxe6 Ke8 41. Rxh7 Kf8 42. d4 Ke8 43. d5 1-0

[Event "*** SCC Grand Prix: Titled Tuesday Blitz"]
[Site "Chess.com"]
[Date "2020.06.02"]
[Round "7"]
[White "lucachess49"]
[Black "angryhorse9"]
[Result "0-1"]
[WhiteElo "2200"]
[BlackElo "2426"]
[TimeControl "180+1"]
[EndTime "11:20:30 PDT"]
[Termination "angryhorse9 won on time"]

1. d4 Nf6 2. c4 g6 3. f3 Bg7 4. e4 d6 5. Nc3 O-O 6. Nge2 c5 7. Be3 Nc6 8. Qd2 cxd4 9. Nxd4 Bd7 10. Be2 Nxd4 11. Bxd4 Bc6 12. O-O a5 13. Rfd1 Nd7 14.
Bxg7 Kxg7 15. Qd4+ Kg8 16. Rac1 Qb6 17. b3 Rfc8 18. f4 Nc5 19. Rb1 Qa7 20. f5 Nxe4 21. Qxa7 Rxa7 22. Nxe4 Bxe4 23. Bd3 Bxf5 24. Bxf5 gxf5 25.
Rd5 Rc5 26. Rbd1 a4 27. Rxc5 dxc5 28. Rd5 axb3 29. axb3 Ra3 30. Rxf5 b6 31. Rf3 Ra2 32. h4 f6 33. Kh2 Kf7 34. Kh3 e5 35. Rd3 Ke6 36. g3 f5 37. Rd8 Rb2 38. Re8+ Kf6 39. Rf8+ Kg6 40. Re8 e4 41. Re6+ Kf7 42. Rxb6 e3 43.
Rb7+ Ke8 44. Rb8+ Kd7 45. Rb7+ Kd6 46. Rb6+ Ke5 47. Rb8 e2 48. Re8+ Kd4 49. h5 Kd3 50.
Kh4 Rxb3 51. Kg5 Kd2 52. Kh6 Re3 53. Rd8+ Kc3 0-1

[Event "*** SCC Grand Prix: Titled Tuesday Blitz"]
[Site "Chess.com"]
[Date "2020.06.02"]
[Round "7"]
[White "Alopekos"]
[Black "zajka-molotok"]
[Result "1-0"]
[WhiteElo "2504"]
[BlackElo "2371"]
[TimeControl "180+1"]
[EndTime "11:20:31 PDT"]
[Termination "Alopekos won by checkmate"]

1. e4 c5 2. Nc3 d6 3. Nge2 Nf6 4. d4 cxd4 5. Nxd4 a6 6. Be3 g6 7. f3 Bg7 8. Qd2 Nc6 9. O-O-O O-O 10. g4 Bd7 11. h4 h5 12. g5 Ne8 13. f4 e5 14.
Nxc6 Bxc6 15. Bc4 exf4 16. Bxf4 Rc8 17. Nd5 Nc7 18. Nxc7 Qxc7 19. Bxd6 Qb6 20. c3 Rfd8 21.
Qf4 Be8 22. e5 Qa5 23. Rhf1 Rd7 24. Bb3 b5 25. e6 Rxd6 26. exf7+ Bxf7 27. Qxf7+ Kh7 28. Rxd6 Rxc3+ 29. bxc3 Qa3+ 30. Kc2 Qxd6 31. Qf3 Qe5 32. Rd1 b4 33. Qd3 Qh2+ 34. Qd2 Qxh4 35. cxb4 Qf4 36. Qd3 Qc7+ 37. Qc4 Qh2+ 38. Rd2 Qg3 39.
Qg8# 1-0

[Event "*** SCC Grand Prix: Titled Tuesday Blitz"]
[Site "Chess.com"]
[Date "2020.06.02"]
[Round "7"]
[White "gixfantastix"]
[Black "Playgood28"]
[Result "1-0"]
[WhiteElo "2100"]
[BlackElo "2286"]
[TimeControl "180+1"]
[EndTime "11:20:32 PDT"]
[Termination "gixfantastix won by resignation"]

1. e4 e5 2. Nf3 d6 3. d4 exd4 4. c3 Nf6 5. Bd3 dxc3 6. O-O Be7 7. Nxc3 O-O 8. h3 Nc6 9. Bf4 Be6 10. Rc1 Nd7 11. Bb1 Nde5 12. Nd5 Bxd5 13. exd5 Nxf3+ 14. Qxf3 Ne5 15. Qc3 Bf6 16. Qxc7 b6 17. Qc2 g6 18. Qa4 Qe7 19. Qa6 Nd7 20. Rc7 Nc5 21. Rxe7 Nxa6 22. Re2 Rfd8 23. Bd3 Nc5 24. Bb5 a5 25. Rfe1 Kg7 26. g4 h6 27. Kg2 Ra7 28. Bc6 Rc7 29.
Bc1 Nd3 30. Rd1 Nxc1 31. Rxc1 Bxb2 32. Rxb2 Re7 33. Rxb6 Re2 34. a4 Re4 35. Rb7 Re5 36. Rcb1 h5 37. R1b5 hxg4 38. hxg4 Rh8 39. Rxa5 Rh4 40.
Kg3 Rh1 41. Raa7 g5 42. Rxf7+ Kg6 43. Rg7+ 1-0

[Event "*** SCC Grand Prix: Titled Tuesday Blitz"]
[Site "Chess.com"]
[Date "2020.06.02"]
[Round "7"]
[White "bait_or_mate"]
[Black "HansCoolNiemann"]
[Result "0-1"]
[WhiteElo "2542"]
[BlackElo "2812"]
[TimeControl "180+1"]
[EndTime "11:20:33 PDT"]
[Termination "HansCoolNiemann won by resignation"]

1. d4 Nf6 2. c4 e6 3. Nf3 b6 4.
a3 Bb7 5. Nc3 d5 6. cxd5 Nxd5 7.
Qc2 Nd7 8. e4 Nxc3 9. bxc3 c5 10.
Bd3 Qc7 11. Qa2 Be7 12. O-O O-O 13. Be3 Nf6 14. Qc2 cxd4 15. Bxd4 Rac8 16. e5 Nd5 17. Bxh7+ Kh8 18. Be4 Nf4 19. g3 Nd5 20. Rfc1 b5 21.
Qe2 g6 22. Nd2 a6 23. h4 Kg7 24. h5 gxh5 25. Qxh5 Rh8 26. Qg4+ Kf8 27. c4 bxc4 28. Rxc4 Qd7 29. Rac1 Rxc4 30. Nxc4 Rg8 31. Qf3 Nc7 32. Nd6 Bxe4 33. Qxe4 Bxd6 34. exd6 Nd5 35. Qh4 Ke8 36. Qh7 Rf8 37. Bg7 f6 38. Qg6+ Qf7 39. Rc8+ Kd7 40. Qc2 Rxc8 41. Qa4+ Kxd6 42. Bh6 Qc7 43. Bf4+ e5 44.
Bd2 Qc6 45. Bb4+ Ke6 0-1

[Event "*** SCC Grand Prix: Titled Tuesday Blitz"]
[Site "Chess.com"]
[Date "2020.06.02"]
[Round "7"]
[White "verdest"]
[Black "eightbyeightchess"]
[Result "0-1"]
[WhiteElo "2560"]
[BlackElo "2417"]
[TimeControl "180+1"]
[EndTime "11:20:33 PDT"]
[Termination "eightbyeightchess won by checkmate"]

1. d4 d5 2. c4 c6 3. Nf3 Nf6 4. e3 a6 5. Nc3 Bg4 6. h3 Bh5 7. Qb3 b5 8. cxd5 cxd5 9. Ne5 e6 10. Bd2 Nbd7 11. Bd3 Nxe5 12. dxe5 Nd7 13. f4 Qh4+ 14. Kf1 Bc5 15. Ne2 O-O 16. Be1 Bxe2+ 17. Bxe2 Qe7 18. Bf3 f6 19. exf6 Nxf6 20. Qd3 e5 21. Bxd5+ Nxd5 22. Qxd5+ Kh8 23. Qe4 Qc7 24. Rc1 exf4 25. Qd5 fxe3+ 26.
Ke2 Rad8 27. Qxc5 Qf7 28. Qc3 Qg6 29. g4 Qe4 30. Rf1 Qg2+ 31. Bf2 Rxf2+ 32. Kxe3 Qf3# 0-1

[Event "*** SCC Grand Prix: Titled Tuesday Blitz"]
[Site "Chess.com"]
[Date "2020.06.02"]
[Round "7"]
[White "ChristopherYoo"]
[Black "ehrenfeld"]
[Result "1-0"]
[WhiteElo "2805"]
[BlackElo "2439"]
[TimeControl "180+1"]
[EndTime "11:20:34 PDT"]
[Termination "ChristopherYoo won on time"]

1. e4 e5 2. Nf3 Nc6 3. Bb5 a6 4. Ba4 Nf6 5. d4 exd4 6. O-O Be7 7. e5 Ne4 8. Nxd4 Nc5 9. Nf5 O-O 10. Qg4 g6 11.
Bxc6 dxc6 12. Nxe7+ Qxe7 13. Qg3 Re8 14. Re1 Ne6 15. Nc3 Rd8 16. Ne4 Bd7 17. Nf6+ Kh8 18. Qh3 h5 19. Qe3 Qf8 20. b3 c5 21. Bb2 Bc6 22.
f4 Qh6 23. Rf1 b6 24. Rae1 a5 25. f5 Qxe3+ 26. Rxe3 gxf5 27. Rxf5 Rd1+ 28. Kf2 Rd2+ 29.
Ke1 Rxg2 30. Rxh5+ Kg7 31. h4 Kf8 32. Rf5 Ke7 33. Rf2 Rxf2 34. Kxf2 Rd8 35. Bc1 Rh8 36. Rh3 Nd4 37. c3 Nf5 38. Bg5 Ke6 39. Ng4 a4 40. h5 a3 41. h6 Rh7 42. Nf6 Rh8 43. h7 c4 44. bxc4 Ba4 45. Ng8 1-0

[Event "*** SCC Grand Prix: Titled Tuesday Blitz"]
[Site "Chess.com"]
[Date "2020.06.02"]
[Round "7"]
[White "Dmitry_M1"]
[Black "H3nriqueTV"]
[Result "1-0"]
[WhiteElo "2387"]
[BlackElo "2190"]
[TimeControl "180+1"]
[EndTime "11:20:34 PDT"]
[Termination "Dmitry_M1 won by resignation"]

1. d4 d5 2. c4 c6 3. Nf3 Nf6 4. Nc3 e6 5. cxd5 exd5 6. Bg5 Be7 7. Qc2 O-O 8. e3 Ne4 9. Bf4 f5 10. Bd3 Nd7 11. O-O Ndf6 12. Ne5 Be6 13. h3 Rc8 14. f3 Nxc3 15. bxc3 Nd7 16. Rab1 b6 17. Ba6 Rc7 18.
Nd3 b5 19. Bxc7 Qxc7 20. a4 bxa4 21. Qxa4 c5 22. Rb7 Qd6 23. Bb5 Rd8 24. Qxa7 cxd4 25. cxd4 Bf8 26. Rc1 Nf6 27. Rc6 Qg3 28. Rxe6 f4 29.
exf4 Nh5 30. Rb8 Rxb8 31. Qd7 Nxf4 32. Nxf4 Qxf4 33. Qxd5 Qc1+ 34. Kh2 Qc7+ 35. g3 Qc2+ 36. Re2+ 1-0

[Event "*** SCC Grand Prix: Titled Tuesday Blitz"]
[Site "Chess.com"]
[Date "2020.06.02"]
[Round "7"]
[White "LittlePeasant"]
[Black "Parhamov"]
[Result "0-1"]
[WhiteElo "2799"]
[BlackElo "3084"]
[TimeControl "180+1"]
[EndTime "11:20:36 PDT"]
[Termination "Parhamov won by resignation"]

1. Nf3 d5 2. c4 d4 3. b4 f6 4. e3 e5 5. c5 a5 6. Qa4+ Nd7 7. Bc4 Ne7 8. Qb3 Nxc5 9. bxc5 Qd7 10.
O-O a4 11. Qc2 Nc6 12. Ba3 Ra5 13. d3 Kd8 14. exd4 exd4 15. Nbd2 b5 16. cxb6 Bxa3 17.
Rab1 Bb7 18. Bb5 Qd5 19. Bxc6 Bxc6 20. Nc4 Rc5 21. Qd2 cxb6 22. Nxa3 Ke8 23. Rfe1+ Kf7 24. Rxb6 Qh5 25. Qe2 Re8 26. Rb7+ Kg6 27. Re7 Rxe7 28.
Qxe7 Bxf3 29. Qe8+ Kh6 30. Qxh5+ Bxh5 31. h3 Bf7 32. Re4 Bxa2 33. Rxd4 Bb3 34. Rb4 Rc3 35. d4 Bd1 36. Nb5 Rb3 37. Rxb3 axb3 38. d5 Kg6 39. Nc3 b2 40. d6 Kf7 0-1

[Event "*** SCC Grand Prix: Titled Tuesday Blitz"]
[Site "Chess.com"]
[Date "2020.06.02"]
[Round "7"]
[White "flexova"]
[Black "WPWPWP-2015"]
[Result "0-1"]
[WhiteElo "2436"]
[BlackElo "2362"]
[TimeControl "180+1"]
[EndTime "11:20:36 PDT"]
[Termination "WPWPWP-2015 won by resignation"]

1. c4 e5 2. g3 Nf6 3. Bg2 Nc6 4.
Nc3 Bc5 5. e3 O-O 6. a3 a5 7. Nge2 d6 8. O-O Bg4 9. h3 Bh5 10. g4 Bg6 11. d4 Bb6 12. f4 exd4 13.
exd4 h6 14. f5 Bh7 15. Kh2 Re8 16. Bf4 Nd7 17. Nd5 Rxe2 18. Qxe2 Bxd4 19. Rad1 a4 20. Nb4 Bf6 21. Nxc6 bxc6 22. Bxc6 Rb8 23. Rd2 Ne5 24.
Bxa4 h5 25. c5 hxg4 26. hxg4 Qe7 27. cxd6 cxd6 28. b3 g6 29. Bg3 Kg7 30. Rfd1 gxf5 31. gxf5 Bxf5 32. Kg2 Qb7+ 33. Kf2 Ng4+ 34. Kg1 Rh8 35.
Qg2 Be4 36. Bxd6 Bxg2 37. Rxg2 Qf3 38. Bc5 Qh3 39. Kf1 Bg5 40. Rd4 Qh1+ 41. Rg1 Qf3+ 42. Ke1 Qf2+ 0-1

[Event "*** SCC Grand Prix: Titled Tuesday Blitz"]
[Site "Chess.com"]
[Date "2020.06.02"]
[Round "7"]
[White "BIG_Pirate"]
[Black "topotun"]
[Result "0-1"]
[WhiteElo "2355"]
[BlackElo "2628"]
[TimeControl "180+1"]
[EndTime "11:20:37 PDT"]
[Termination "topotun won on time"]

1. Nf3 c5 2. c4 Nc6 3. Nc3 Nf6 4. g3 g6 5. Bg2 d6 6. O-O Bg7 7. a3 Be6 8. d3 Qd7 9. Re1 Bh3 10. Bh1 h5 11.
Rb1 h4 12. Ng5 hxg3 13. hxg3 Rc8 14. Nce4 Bg4 15. Bg2 Nxe4 16. Nxe4 Nd4 17. b4 b6 18.
Bb2 Kf8 19. bxc5 dxc5 20. a4 Qf5 21. f3 Bh3 22. Bh1 Qh5 23. Kf2 Bd7 24. Bg2 Qf5 25.
Rh1 Rxh1 26. Qxh1 Bxa4 27. Bh3 Qe5 28. Bxc8 f5 29. Bxd4 cxd4 30. Qh7 fxe4 31. dxe4 d3 32. exd3 Qc5+ 33. Kg2 Qxc8 34. Qxg6 Bd7 35. Rh1 Qc5 36.
Rh7 Qd4 37. g4 Be8 38. Qf5+ Kg8 39. Rh5 Bxh5 40. gxh5 Qf6 41. Qg4 a5 42. f4 e6 43.
e5 Qf5 0-1

[Event "*** SCC Grand Prix: Titled Tuesday Blitz"]
[Site "Chess.com"]
[Date "2020.06.02"]
[Round "7"]
[White "Gabrielian_Artur"]
[Black "Oleksandr_Bortnyk"]
[Result "0-1"]
[WhiteElo "2735"]
[BlackElo "2955"]
[TimeControl "180+1"]
[EndTime "11:20:38 PDT"]
[Termination "Oleksandr_Bortnyk won by resignation"]

1. e4 Nf6 2. e5 Nd5 3. d4 d6 4.
Nf3 dxe5 5. Nxe5 c6 6. Be2 Bf5 7. O-O Nd7 8. Nf3 e6 9. c4 N5f6 10. Nc3 Bd6 11. Nh4 Bg6 12. g3 O-O 13. Nxg6 hxg6 14. Bf3 Re8 15. Bg2 e5 16. Be3 exd4 17.
Bxd4 Ne5 18. Qb3 Qc7 19. Rad1 g5 20. c5 Bf8 21. Qc2 g4 22. Qf5 Rad8 23. Be3 Rxd1 24. Rxd1 Nc4 25. Bd4 Qd7 26. Qxd7 Nxd7 27. b4 a5 28. b5 Nde5 29. Bxe5 Nxe5 30. bxc6 bxc6 31. Ne4 Nf3+ 32. Bxf3 gxf3 33. Ng5 Bxc5 34. Nxf3 Re2 35. Rd2 Bxf2+ 36. Kf1 Rxd2 37. Nxd2 Bb6 38. Ke2 f5 39. h3 Kf7 40. g4 Ke6 41. Nc4 Bc7 42. Kf3 f4 43. Ke4 g5 44. a4 Kf6 45. Nd2 Ke6 46.
Nf3 Bd8 47. h4 gxh4 48. g5 h3 49. Kxf4 Bc7+ 50. Ke4 h2 0-1